 Dungeon Crawl Stone Soup version 0.18-a0-1267-gff090c1 (webtiles) character file.

44795 namelastname112 the Cleaver (level 13, -3/177 HPs)
             Began as a Red Draconian Berserker on Feb 6, 2016.
             Was a High Priest of Trog.
             Slain by a cyan ugly thing (15 damage)
             ... on level 15 of the Dungeon.
             The game lasted 00:36:04 (19619 turns).

namelastname112 the Cleaver (DrBe)                 Turns: 19619, Time: 00:36:05

Health: -3/177     AC:  4    Str: 24    XL:     13   Next: 98%
Magic:  15/15      EV: 25    Int: 10    God:    Trog [*****.]
Gold:   560        SH:  0    Dex: 31    Spells: 0 memorised, 12 levels left

rFire  + . .     SeeInvis +     L - +3 executioner's axe (chop)
rCold  . . .     Gourm    .     (armour unavailable)
rNeg   . . .     Faith    +     (shield currently unavailable)
rPois  +         Spirit   .     Z - +1 hat
rElec  .         Dismiss  .     X - +2 cloak {rPois}
rCorr  .         Reflect  .     (no gloves)
SustAt .         Harm     .     (no boots)
MR     .....     Clarity  +     y - amulet of faith
Stlth  ..........               v - ring of Soareivai {+Fly Dex+9 SInv Stlth-}
                                A - +6 ring of dexterity

@: berserking (expiring), manticore barbs, corroded equipment, very quick, not
resistant to hostile enchantments, extremely unstealthy
A: breathe fire, unfitting armour, see invisible, clarity, clever 1, fire
resistance 1, low mp 1, wild magic 1, evolution 1, no device heal 1,
cold-blooded, AC +8
a: Breathe Fire, Berserk, Trog's Hand, Brothers in Arms, Burn Spellbooks,
Renounce Religion, Evoke Flight


You were on level 15 of the Dungeon.
You worshipped Trog.
Trog was extremely pleased with you.
You were not hungry.

You visited 1 branch of the dungeon, and saw 15 of its levels.
You also visited: Sewer, Ossuary and Ice Cave.

You collected 1311 gold pieces.
You spent 751 gold pieces at shops.

Inventory:

Hand Weapons
 i - a +0 blowgun
 L - a +3 executioner's axe of chopping (weapon)
 Q - a +1 executioner's axe of flaming
Missiles
 t - 7 silver javelins
 G - a throwing net (quivered)
 I - 2 curare-tipped needles
 S - 8 poisoned needles
 W - 4 needles of paralysis
 Y - 5 needles of confusion
Armour
 X - a +2 cloak of poison resistance (worn)
 Z - a +1 hat (worn)
Rods
 z - a -1 lightning rod (10/10)
   (You found it in an ice cave)
Jewellery
 a - an uncursed amulet of regeneration
 d - an uncursed ring of protection from magic
 v - the ring of Soareivai (right hand) {+Fly Dex+9 SInv Stlth-}
   (You bought it in a shop on level 5 of the Dungeon)

   [ring of flight]

   It affects your dexterity (+9).
   It lets you see invisible.
   It lets you fly.
   It makes you less stealthy.
 y - an amulet of faith (around neck)
 A - a +6 ring of dexterity (left hand)
 R - an uncursed ring of ice
Wands
 q - a wand of acid (9/15)
 r - a wand of digging (14/24)
 w - a wand of teleportation (4/9)
 J - a wand of disintegration (14/24)
 K - a wand of paralysis (9/24)
 N - a wand of lightning (6/15)
 V - a wand of enslavement (5/24)
Scrolls
 c - 10 scrolls of teleportation
 e - 4 scrolls of fear
 k - 7 scrolls of blinking
 m - 2 scrolls of identify
 x - 2 scrolls of fog
 C - 2 scrolls of immolation
 D - 4 scrolls of remove curse
 E - 4 scrolls of recharging
 O - a scroll of enchant armour
Potions
 f - a potion of cancellation
 g - 5 potions of cure mutation
 h - 3 potions of might
 j - a potion of heal wounds
 l - a potion of brilliance
 n - a potion of invisibility
 o - 7 potions of curing
 p - a potion of magic
 B - a potion of haste
 F - 5 potions of flight
 T - 3 potions of agility
Miscellaneous
 s - a box of beasts
 H - a stone of tremors
 P - a lamp of fire
 U - a disc of storms
Comestibles
 b - 8 bread rations
 u - 6 meat rations


   Skills:
 + Level 12.0 Fighting
 * Level 14.8 Axes
 + Level 9.7 Throwing
 + Level 10.4 Dodging
 + Level 6.0 Evocations


You had 12 spell levels left.
You didn't know any spells.

Dungeon Overview and Level Annotations

Branches:
Dungeon (15/15)            Temple (0/1) D:7            Lair (0/8) D:11
    Orc (0/2) D:12         Vaults (0/5) D:14
 Depths: D:15

Altars:
Dithmenos
Fedhas
Gozag
Kikubaaqudgha
Makhleb
Nemelex Xobeh
Okawaru
Pakellas
Ru
Sif Muna
Vehumet
Xom
Zin
The Shining One

Shops:
D:4 *   D:5 =   D:7 =   D:14 *

Annotations:
D:13 Frances


Innate Abilities, Weirdness & Mutations

You can breathe blasts of fire.
Your fiery red scales are hard (AC +8).
Your body does not fit into most forms of armour.
Your flesh is heat resistant.
You are cold-blooded and may be slowed by cold attacks.
You have supernaturally acute eyesight.
You possess an exceptional clarity of mind.
Your mind is acute. (Int +2)
Your magical capacity is low (-10% MP).
Your spells are a little harder to cast, but a little more powerful.
You evolve.
Potions and wands are less effective at restoring your health.


Message History

You slice the hill giant!!
You kill the hill giant!
Trog accepts your kill.
You slice the cyan ugly thing!!
The cyan ugly thing is severely wounded.
A giant frog comes into view.
Unknown command.
You completely miss the cyan ugly thing.
You tail-slap the cyan ugly thing, but do no damage.
The cyan ugly thing is severely wounded.
You slice the cyan ugly thing!!
The cyan ugly thing is heavily wounded.
The cyan ugly thing punches you.
* * * LOW HITPOINT WARNING * * *
The cyan ugly thing shocks you!
* * * LOW HITPOINT WARNING * * *
The cyan ugly thing claws you!
* * * LOW HITPOINT WARNING * * *
The cyan ugly thing shocks you!
You die...

. [F ..o ######
.... #......
..... .......
......##.......
.......@u......
......##uu.....
.....


uu..... .... ....... ... ....... ## ....... ....... ....... You could see 5 ugly
things, an orc warrior and a giant frog.

Vanquished Creatures
  Kirke (D:13)
  Snorg (D:13)
  Josephine (D:13)
  Erolcha (D:10)
  A hydra (D:14)
  2 dancing weapons (D:14)
  2 centaur warriors
  Nergalle (D:10)
  The ghost of yogakurto the Twirler, a novice NaWn of Dithmenos (D:7)
  The ghost of 4thArraOfDagon the Cleaver, a novice DrBe of Trog (D:10)
  4 skeletal warriors (D:13)
  An unseen horror (D:10)
  An orc knight (D:13)
  7 hill giants
  3 manticores
  5 ugly things
  6 cyclopes
  A griffon (D:13)
  An oklob plant (D:13)
  Maurice (D:11)
  3 ice statues (IceCv)
  A centaur zombie (D:14)
  A gargoyle (D:14)
  2 kobold demonologists
  5 trolls
  4 two-headed ogres
  A harpy skeleton (D:14)
  2 polar bears (D:13)
  2 shadows
  A centaur simulacrum (D:13)
  A water elemental (D:13)
  3 wraiths (D:13)
  3 wyverns
  2 hogs
  A vampire (D:11)
  17 yaks
  2 hungry ghosts
  4 hippogriffs
  A steam dragon (D:10)
  Grum (D:10)
  A human (D:10)
  3 wolves (D:10)
  Menkaure (D:7)
  2 mottled dragons
  2 water moccasins (D:8)
  9 orc warriors
  A sky beast (D:12)
  9 ice beasts
  Purgy (Sewer)
  2 black bears
  7 ogres
  4 phantoms
  A wasp (D:13)
  4 centaurs
  2 crocodiles
  5 giant frogs
  4 big kobolds
  The ghost of tasslehoff34 the Sneak, an amateur SpEn (D:4)
  4 scorpions
  11 killer bees
  11 jellies
  11 crimson imps
  A giant frog zombie (D:10)
  8 hounds
  3 human zombies (Ossuary)
  A quasit (D:11)
  8 orc priests
  5 giant frog skeletons
  7 centaur skeletons
  16 orc wizards
  4 iguanas
  15 worker ants
  3 hell rats (D:11)
  3 killer bee zombies
  9 sheep
  A giant frog simulacrum (D:13)
  3 hound zombies
  3 hound skeletons
  4 mummies (Ossuary)
  2 worker ant zombies
  Robin (D:3)
  3 gnolls (D:7)
  10 adders
  3 river rats (D:11)
  5 shadow imps
  2 white imps (D:13)
  17 oozes
  3 adder skeletons
  4 worms
  8 giant geckos
  34 orcs
  3 ball pythons
  10 bats
  5 giant cockroaches
  15 goblins
  14 hobgoblins
  5 jackals
  27 kobolds
  4 quokkas
  2 giant gecko skeletons
  7 giant newts
  2 gnoll zombies (Ossuary)
  A goblin zombie (Ossuary)
  2 kobold zombies (Ossuary)
  2 orc zombies (Ossuary)
  12 rats
  A rat zombie (Ossuary)
493 creatures vanquished.

Vanquished Creatures (collateral kills)
  Rupert (D:14)
  Louise (D:14)
  A hill giant (D:14)
  An ugly thing (D:14)
  A cyclops (D:14)
  A giant frog (D:14)
  A sheep (D:14)
7 creatures vanquished.

Vanquished Creatures (others)
  4 humans (D:13)
  An orc (D:6)
  2 fungi (D:13)
7 creatures vanquished.

Grand Total: 507 creatures vanquished

Notes
Turn   | Place    | Note
--------------------------------------------------------------
     0 | D:1      | namelastname112 the Draconian Berserker began the quest for the Orb.
     0 | D:1      | Reached XP level 1. HP: 19/19 MP: 1/1
     2 | D:1      | Noticed a gargoyle
     2 | D:1      | Noticed a naga
     4 | D:1      | Noticed a minotaur
     4 | D:1      | Noticed a tengu
     6 | D:1      | Noticed a spriggan
     8 | D:1      | Noticed a vine stalker
     8 | D:1      | Noticed a dwarf
    10 | D:1      | Noticed an ogre
    12 | D:1      | Noticed a centaur
    14 | D:1      | Noticed a human
    14 | D:1      | Noticed a halfling
    16 | D:1      | Noticed an octopode
    18 | D:1      | Noticed a ghoul
    18 | D:1      | Noticed an elf
    20 | D:1      | Noticed a draconian
    20 | D:1      | Noticed a demigod
    23 | D:1      | Noticed a formicid
    23 | D:1      | Noticed a troll
    25 | D:1      | Noticed a vampire
    25 | D:1      | Noticed a demonspawn
    28 | D:1      | Noticed a felid
    28 | D:1      | Noticed a merfolk
   207 | D:1      | Reached XP level 2. HP: 26/26 MP: 2/2
   803 | D:2      | Reached XP level 3. HP: 33/33 MP: 3/3
   946 | D:2      | Found a radiant altar of Vehumet.
   957 | D:2      | Reached skill level 4 in Fighting
  1222 | D:2      | Reached ** piety under Trog
  1387 | D:2      | Found an oddly glowing altar of Pakellas.
  1521 | D:2      | Reached XP level 4. HP: 33/40 MP: 4/4
  1864 | D:3      | Noticed Robin
  1875 | D:3      | Killed Robin
  1875 | D:3      | Reached *** piety under Trog
  1875 | D:3      | Reached XP level 5. HP: 35/47 MP: 5/5
  2051 | D:3      | Reached skill level 1 in Throwing
  2589 | D:4      | Found a sand-covered staircase.
  2590 | D:4      | Noticed tasslehoff34's ghost (amateur SpEn)
  2602 | D:4      | Killed tasslehoff34's ghost
  2602 | D:4      | Reached XP level 6. HP: 53/53 MP: 6/6
  2634 | Ossuary  | Entered an ossuary
  2670 | Ossuary  | Reached skill level 5 in Axes
  2843 | Ossuary  | Reached skill level 5 in Fighting
  3091 | D:4      | Found Qyonki Tung's Assorted Antiques.
  3094 | D:4      | Bought a scroll labeled VIYPUD ZUZUCH for 25 gold pieces
  3094 | D:4      | Bought a scroll labeled TICWICH LISUY for 25 gold pieces
  3094 | D:4      | Bought a spear for 75 gold pieces
  3094 | D:4      | Bought a scroll labeled LIDUTT KUOG for 25 gold pieces
  3094 | D:4      | Bought a fuming sapphire potion for 22 gold pieces
  3094 | D:4      | Bought a scroll labeled JAKUWUAMOJ for 25 gold pieces
  3341 | D:4      | Reached XP level 7. HP: 32/61 MP: 7/7
  3341 | D:4      | Your scales start taking on a fiery red colour.
  3341 | D:4      | Gained mutation: Your flesh is heat resistant. [Red Draconian growth]
  4241 | D:5      | Entered Level 5 of the Dungeon
  4324 | D:5      | Found a glowing drain.
  4343 | Sewer    | Entered a sewer
  4388 | Sewer    | Noticed Purgy
  4397 | Sewer    | Killed Purgy
  4397 | Sewer    | Reached skill level 6 in Axes
  4446 | Sewer    | Reached **** piety under Trog
  4678 | D:5      | Reached XP level 8. HP: 70/70 MP: 8/8
  4701 | D:5      | Found Riygraf's Jewellery Boutique.
  5117 | D:6      | Reached skill level 7 in Axes
  5117 | D:6      | Reached skill level 5 in Dodging
  6343 | D:6      | Found a sparkling altar of Nemelex Xobeh.
  6667 | D:6      | Found a glowing golden altar of the Shining One.
  6710 | D:7      | Reached ***** piety under Trog
  6788 | D:7      | Noticed Menkaure
  6793 | D:7      | Killed Menkaure
  6793 | D:7      | Reached skill level 8 in Axes
  6793 | D:7      | Reached XP level 9. HP: 35/78 MP: 9/9
  6992 | D:7      | Found a shimmering altar of Xom.
  7028 | D:7      | Found a staircase to the Ecumenical Temple.
  7329 | D:7      | Noticed yogakurto's ghost (novice NaWn)
  7342 | D:7      | Killed yogakurto's ghost
  7342 | D:7      | Reached skill level 5 in Throwing
  7375 | D:7      | Found Calyucli's Jewellery Boutique.
  7664 | D:8      | Found a deep blue altar of Sif Muna.
  7667 | D:8      | Found an iron altar of Okawaru.
  7669 | D:8      | Found a sacrificial altar of Ru.
  7669 | D:8      | Found an ancient bone altar of Kikubaaqudgha.
  7670 | D:8      | Found an opulent altar of Gozag.
  7675 | D:8      | Found a blossoming altar of Fedhas.
  7814 | D:8      | Reached skill level 9 in Axes
  8703 | D:9      | Reached XP level 10. HP: 84/88 MP: 10/10
  9085 | D:5      | Bought the ring of Soareivai {+Fly Dex+9 SInv Stlth-} for 554 gold pieces
  9212 | D:9      | Noticed a cacodemon
  9213 | D:9      | Found a burning altar of Makhleb.
  9217 | D:9      | Found a glowing silver altar of Zin.
  9217 | D:9      | Noticed an angel
  9534 | D:8      | Reached skill level 10 in Axes
  9931 | D:10     | Entered Level 10 of the Dungeon
  9985 | D:10     | Received a gift from Trog
 10200 | D:10     | Noticed Nergalle
 10209 | D:10     | Killed Nergalle
 10266 | D:10     | Noticed Erolcha
 10272 | D:10     | Killed Erolcha
 10272 | D:10     | Reached skill level 11 in Axes
 10272 | D:10     | Reached XP level 11. HP: 97/97 MP: 11/11
 10390 | D:10     | Noticed a hill giant
 10398 | D:10     | Killed a hill giant
 10408 | D:10     | Noticed a hill giant
 10411 | D:10     | Killed a hill giant
 10754 | D:10     | Noticed Grum
 10771 | D:10     | Killed Grum
 11281 | D:10     | Noticed 4thArraOfDagon's ghost (novice DrBe)
 11288 | D:10     | Killed 4thArraOfDagon's ghost
 11571 | D:10     | Noticed an unseen horror
 11580 | D:10     | Killed an unseen horror
 11593 | D:10     | Reached skill level 12 in Axes
 11778 | D:11     | Found a staircase to the Lair.
 11786 | D:11     | Received a gift from Trog
 11919 | D:11     | Noticed Maurice
 11932 | D:11     | Killed Maurice
 11932 | D:11     | Reached skill level 10 in Fighting
 12447 | D:11     | Gained mutation: Potions and wands are less effective at restoring your health. [potion of mutation]
 12447 | D:11     | Gained mutation: Your mind is acute. (Int +2) [potion of mutation]
 12447 | D:11     | Gained mutation: Your magical capacity is low (-10% MP). [potion of mutation]
 12448 | D:11     | Gained mutation: You have a pair of small horns on your head. [potion of mutation]
 12448 | D:11     | Gained mutation: You evolve. [potion of mutation]
 12448 | D:11     | Gained mutation: You are agile. (Dex +2) [potion of mutation]
 12449 | D:11     | Gained mutation: You have supernaturally acute eyesight. [potion of mutation]
 12449 | D:11     | Lost mutation: You are agile. (Dex +2) [potion of mutation]
 12449 | D:11     | Lost mutation: You have a pair of small horns on your head. [potion of mutation]
 12758 | D:11     | Received a gift from Trog
 13160 | D:11     | Identified a scroll of acquirement
 13205 | D:12     | Noticed a hill giant
 13210 | D:12     | Killed a hill giant
 13220 | D:12     | Reached XP level 12. HP: 99/106 MP: 10/10
 13279 | D:12     | Reached skill level 1 in Evocations
 13319 | D:12     | Found a staircase to the Orcish Mines.
 13347 | D:12     | Reached ****** piety under Trog
 13347 | D:12     | Received a gift from Trog
 14133 | D:13     | Reached skill level 13 in Axes
 14134 | D:13     | Noticed Josephine
 14143 | D:13     | Killed Josephine
 14204 | D:13     | Noticed a centaur warrior
 14215 | D:13     | Killed a centaur warrior
 14279 | D:13     | Found a frozen archway.
 14283 | IceCv    | Entered an ice cave
 15384 | D:13     | Reached XP level 13. HP: 112/116 MP: 14/14
 15585 | D:13     | Noticed Snorg
 15613 | D:13     | Killed Snorg
 15812 | D:13     | Noticed Kirke
 15815 | D:13     | Noticed Frances
 15843 | D:13     | Killed Kirke
 15843 | D:13     | Reached skill level 14 in Axes
 15865 | D:13     | Received a gift from Trog
 16893 | D:13     | Received a gift from Trog
 17076 | D:13     | Gained mutation: Your spells are a little harder to cast, but a little more powerful. [evolution]
 17522 | D:14     | Noticed Rupert
 17536 | D:14     | Killed Rupert
 17536 | D:14     | Reached skill level 10 in Dodging
 17536 | D:14     | Reached skill level 5 in Evocations
 17603 | D:14     | Noticed Louise
 17610 | D:14     | Killed Louise
 17829 | D:14     | Found Ujeu's Assorted Antiques.
 18219 | D:14     | Found a gate to the Vaults.
 18689 | D:14     | Received a gift from Trog
 18990 | D:14     | Gained mutation: You possess an exceptional clarity of mind. [evolution]
 19421 | D:14     | Found a shadowy altar of Dithmenos.
 19602 | D:15     | Entered Level 15 of the Dungeon
 19619 | D:15     | Slain by a cyan ugly thing

Vault maps used:
D:1:      kb_arrival_jail, dk_noncrumbling_3, minmay_misc_feat_rows
D:2:      johnstein_pakellas_dig, vehumet_crystals
D:3:      first_bread, kennysheep_generic_room_6, uniq_robin
D:4:      serial_shops, shop, enter_ossuary_2
D:5:      portal_sewer_entry_b, serial_shops, kennysheep_little_box
D:6:      lemuel_coloured_pillars_altar, nemelex_spade_bored_becter
D:7:      kennysheep_mini_moat, minmay_temple_entry_hall, serial_shops, shop,
          uniq_menkaure
D:8:      minitemple
D:9:      grunt_temple_overflow_order_and_chaos_2
D:10:     grunt_livestock, uniq_nergalle, uniq_grum, uniq_erolcha
D:11:     dpeg_lair_monsters, roderic_lattice_a, uniq_maurice
D:12:     orc_0_dummy
D:13:     lemuel_slime, serial_ice, serial_ice_g, serial_ice_c, serial_ice_o,
          serial_ice_k, portal_ice_cave_entry_pillars_03, uniq_frances,
          uniq_kirke, uniq_josephine, uniq_snorg
D:14:     erik_vaults_1, basic_altar, serial_shops,
          nicolae_shop_competitors_out_of_business, uniq_louise, uniq_rupert
D:15:     grunt_enter_depths_snipers, serial_bayou_shore_b, hex_intersection,
          nicolae_lava_and_water, nicolae_two_hexagons, minivault_25
Sewer:    kennysheep_door_sewer
Ossuary:  ossuary_minmay_tomb_2a
IceCv:    ice_cave_statue_garden_02

Action                   |  1- 3 |  4- 6 |  7- 9 | 10-12 | 13-15 || total
-------------------------+-------+-------+-------+-------+-------++-------
Melee: Hand axe          |   122 |   165 |    70 |       |       ||   357
       Executioner's axe |       |       |   249 |   462 |   222 ||   933
Throw: Javelin           |       |       |     3 |     8 |     8 ||    19
Invok: Berserk           |     1 |     5 |     4 |    13 |     3 ||    26
       Trog's Hand       |       |       |     1 |       |     1 ||     2
       Brothers in Arms  |       |       |       |     1 |     4 ||     5
 Abil: Breathe Fire      |       |       |     3 |     8 |     6 ||    17
  Use: Scroll            |       |       |    17 |    12 |     2 ||    31
       Potion            |       |       |       |     3 |     1 ||     4
 Stab: Sleeping          |     1 |       |       |       |       ||     1
       Distracted        |       |       |       |     1 |     2 ||     3
  Eat: Chunk             |     2 |     9 |    19 |    28 |    11 ||    69
       Fruit             |       |     1 |     2 |       |       ||     3
       Beef jerky        |       |     1 |     2 |     2 |       ||     5
       Meat ration       |       |       |     1 |       |       ||     1
       Pizza             |       |       |       |     2 |     5 ||     7
